 Dungeon Crawl Stone Soup version 0.29.1-1-gd02db6906a (webtiles) character file.

Game seed: 14721165059209285227

1836 Doomgape the Changer (level 8, -5/68 HPs)
             Began as a Troll Transmuter on Sept 16, 2022.
             Slain by an acid dragon (6 damage)
             ... on level 5 of the Dungeon.
             The game lasted 00:12:23 (3768 turns).

Doomgape the Changer (Troll Transmuter)             Turns: 3768, Time: 00:12:24

Health: -5/68      AC:  0    Str: 18 (21) XL:     8   Next: 87%
Magic:  13/14      EV:  9    Int:  8 (9)  God:
Gold:   220        SH:  0    Dex:  8 (10) Spells: 12/17 levels left

rFire   . . .      SeeInvis .     - Unarmed
rCold   . . .      Faith    .   (no shield)
rNeg    . . .      Spirit   .   a - +0 robe
rPois   .          Reflect  .   (helmet currently unavailable)
rElec   .          Harm     .   (no cloak)
rCorr   .          Rampage  .   (gloves unavailable)
Will    .....                   (boots unavailable)
Stlth   +.........              (no amulet)
HPRegen 1.01/turn               (no ring)
MPRegen 0.14/turn               (no ring)

@: appendages, corroded
A: horns 2, talons 2, large, unfitting armour, claws 3, regeneration 1, shaggy
fur 1, tough skin 1
a: End Transformation


You were on level 5 of the Dungeon.
You had temporarily grown beastly horns and talons.
You visited 1 branch of the dungeon, and saw 5 of its levels.

You collected 220 gold pieces.

Inventory:

Hand Weapons
 k - a +2 hammer of protection
Missiles
 l - 4 javelins
 m - a large rock
 w - 5 silver javelins
Armour
 a - a +0 robe (worn)
Magical Staves
 q - a staff of earth
Jewellery
 g - a ring of protection from fire
 j - a ring of positive energy
 u - a +6 ring of dexterity
 v - an amulet of reflection
Wands
 t - a wand of flame (12)
Scrolls
 d - 2 scrolls of identify
 o - a scroll of silence
 p - 3 scrolls of teleportation
 x - 2 scrolls of butterflies
 y - a scroll of amnesia
Potions
 b - 2 potions of lignification
 c - a potion of cancellation {unknown}
 e - a potion of haste {unknown}
 f - a potion of flight
 h - 4 potions of mutation
 i - a potion of curing
 n - 2 potions of degeneration
 r - a potion of berserk rage {unknown}
 s - a potion of ambrosia {unknown}


   Skills:
 - Level 0.7 Fighting
 - Level 1.5 Dodging
 - Level 5.0 Unarmed Combat
 + Level 5.0 Spellcasting
 + Level 5.9 Transmutations


You had 12 spell levels left.
You knew the following spells:

 Your Spells              Type           Power      Damage    Failure   Level
a - Beastly Appendage     Tmut           22%        N/A       2%          1
b - Ice Form              Ice/Tmut       6%         N/A       61%         4

Your spell library contained the following spells:

 Spells                   Type           Power      Damage    Failure   Level
 Wereblood                Tmut           11%        N/A       3%          2
 Spider Form              Tmut/Pois      6%         N/A       24%         3
 Apportation              Tloc           4%         N/A       26%         1
 Necrotise                Necr           8%         1d4       26%         1
 Summon Small Mammal      Summ           8%         N/A       26%         1


Dungeon Overview and Level Annotations

Branches:
Dungeon (5/15)
 Temple: D:4-7

Altars:
Zin

Annotations:
D:5 4 runed translucent doors


Innate Abilities, Weirdness & Mutations

You have temporarily grown beastly horns and talons.
You are too large for most types of armour.
You have claws for hands.
Your natural rate of healing is unusually fast.
You are covered in fur. (AC +1)
You have tough skin. (AC +1)


Message History

HP restored.
Found 17 gold pieces.
You now have 220 gold pieces (gained 17).
You are no longer corroded.
Unknown command.
An acid dragon comes into view.
The acid dragon roars!
The acid dragon spits acid at you. The splash of acid hits you!
The acid corrodes you!
Found a shiny ring mail.
You scratch the acid dragon.
The acid dragon is moderately wounded.
The acid dragon closely misses you. The acid dragon barely misses you.
Casting: Beastly Appendage (safe; 2% risk of failure)
Confirm with . or Enter, or press ? or * to list all spells.
You grow a pair of large bovine horns.
Your feet morph into talons.
The acid dragon spits acid at you. The splash of acid hits you!!
You scratch the acid dragon but do no damage.
Your kick misses the acid dragon.
The acid dragon is moderately wounded.
The acid dragon bites you. The acid dragon barely misses you.
You scratch the acid dragon but do no damage.
You headbutt the acid dragon.
You claw the acid dragon, but do no damage.
The acid dragon is moderately wounded.
The acid dragon bites you. The acid dragon barely misses you.
You barely miss the acid dragon.
You claw the acid dragon, but do no damage.
The acid dragon is moderately wounded.
The acid dragon bites you!
* * * LOW HITPOINT WARNING * * *
The acid dragon barely misses you.
It was a potion of degeneration.
There was something very wrong with that liquid.
You feel weakened.
You feel dopey.
You feel clumsy. The acid dragon bites you!
* * * LOW HITPOINT WARNING * * *
The acid dragon claws you.
You die...

####)##..# #.#....###...##
###........# #..............
....##++##.+ #.#............
##.##8..8### #.#######.###..
#.#8....8# ##.###.###)###..
#.#)....$# #..##.#.#.รท.##..
#.#$....)# ######....###..#.....
#.#8....8# #[.D.##.#..#.#....#..
#.##8.z8#######@.#...#.###.##..#
#..##++##.'.#.##.#.###.###.###..
##...)....#..#.#.#.# #.#........
##.#####)#.####.#.###.#.#######
#.# #.##....##.##....# #.#
#..######.[......# #.#
##..............## #.#
#.##.......#.## #.#
.##..<......##


You could see an acid dragon (catching breath).

Vanquished Creatures
  Sigmund (D:4)
  Menkaure (D:4)
  Duvessa (D:4)
  A water moccasin (D:5)
  A black bear (D:4)
  3 ogres (D:5)
  A phantom (D:5)
  4 scorpions
  Dowan (D:4)
  A howler monkey (D:5)
  A vampire bat (D:3)
  Crazy Yiuf (D:4)
  3 jellies (D:5)
  2 orc priests (D:5)
  A hound (D:4)
  Terence (D:3)
  An iguana (D:5)
  An orc wizard (D:5)
  3 gnolls (D:5)
  6 adders
  An ufetubus (D:4)
  2 dart slugs
  3 fire bats (D:3)
  15 orcs
  2 spectral bats (D:3)
  6 ball pythons
  14 bats
  3 bat skeletons (D:3)
  A bat zombie (D:3)
  7 endoplasms
  4 giant cockroaches
  15 goblins
  13 hobgoblins
  4 quokkas
  A bat simulacrum (D:3)
  5 frilled lizards
  7 kobolds
  5 rats
143 creatures vanquished.

Notes
Turn   | Place    | Note
-------+----------+-------------------------------------------
     0 | D:1      | Doomgape the Troll Transmuter began the quest for the Orb.
     0 | D:1      | Reached XP level 1. HP: 18/18 MP: 1/1
    97 | D:1      | Reached XP level 2. HP: 16/26 MP: 2/2
   824 | D:2      | Reached XP level 3. HP: 32/32 MP: 3/3
  1003 | D:2      | Found a faded altar of an unknown god.
  1463 | D:3      | Reached XP level 4. HP: 36/40 MP: 4/4
  1467 | D:3      | Reached skill level 5 in Unarmed Combat
  1473 | D:3      | Noticed Terence
  1492 | D:3      | Killed Terence
  1840 | D:3      | Reached XP level 5. HP: 43/46 MP: 6/6
  1907 | D:3      | Learned a level 4 spell: Ice Form
  2132 | D:3      | Reached XP level 6. HP: 53/54 MP: 8/8
  2424 | D:4      | Noticed Duvessa
  2426 | D:4      | Noticed Dowan
  2430 | D:4      | Killed Duvessa
  2473 | D:4      | Found a glowing silver altar of Zin.
  2474 | D:4      | Killed Dowan
  2533 | D:4      | Noticed Sigmund
  2541 | D:4      | Killed Sigmund
  2542 | D:4      | Reached XP level 7. HP: 57/61 MP: 7/10
  2721 | D:4      | Noticed Menkaure
  2734 | D:4      | Killed Menkaure
  3082 | D:4      | Found a runed translucent door.
  3083 | D:4      | Noticed Crazy Yiuf
  3092 | D:4      | Killed Crazy Yiuf
  3193 | D:5      | Entered Level 5 of the Dungeon
  3221 | D:5      | Reached XP level 8. HP: 56/68 MP: 12/12
  3351 | D:5      | Reached skill level 5 in Transmutations
  3622 | D:5      | Found a large runed translucent door.
  3623 | D:5      | Found a large runed translucent door.
  3659 | D:5      | Found a large runed translucent door.
  3659 | D:5      | Found a large runed translucent door.
  3741 | D:5      | Reached skill level 5 in Spellcasting
  3768 | D:5      | HP: 1/68 [acid dragon (15)]
  3768 | D:5      | Slain by an acid dragon

Illustrated notes

Levels and vault maps discovered:
D:1:      wheals_arrival_linesprint, layout_loops_ring
D:2:      layout_basic, hellmonk_ecumenical_altar_defaced_shrine,
          item_on_display_a
D:3:      cheibrodos_greedy_goblins, layout_basic, goddamned_bats, uniq_terence
D:4:      minmay_recursive_quarters, layout_rooms,
          mainiacjoe_overflow_boulevard, chequers_hall_statues_wall_a,
          minmay_misc_feat_plants, corexii_checkpoint_a, uniq_sigmund,
          uniq_menkaure, uniq_crazy_yiuf_cottage, uniq_duvessa
D:5:      layout_loops_ring, gammafunk_temple_overflow_statue,
          minmay_misc_feat_cross, kennysheep_another_room,
          minmay_hollow_rounded_squares

Skill      XL: |  1  2  3  4  5  6  7  8 |
---------------+-------------------------+-----
Unarmed Combat | 4 5 |  5.0
Transmutations | 2 3 4 5 |  5.9
Spellcasting   | 2 3 5 |  5.0
Fighting       | |  0.7
Dodging        | |  1.5

Action                   |  1- 3 |  4- 6 |  7- 9 || total
-------------------------+-------+-------+-------++-------
Melee: Unarmed           |    84 |   166 |   136 ||   386
       Punch             |     1 |     2 |     2 ||     5
       Headbutt          |       |     3 |    13 ||    16
       Kick              |       |     2 |    17 ||    19
 Cast: Beastly Appendage |       |     2 |    14 ||    16
  Use: Scroll            |       |     6 |     2 ||     8
       Potion            |       |     3 |     1 ||     4
 Stab: Sleeping          |       |     1 |       ||     1
Armor: Robe              |    31 |   120 |    34 ||   185
Dodge: Dodged            |    24 |   142 |    51 ||   217
